 Dungeon Sprint DCSS version 0.28.0-53-g5a82cb258f (webtiles) character file.

Game seed: 8996841946142718782

65 Zeld the Magician (level 3, -6/19 HPs)
             Began as a Deep Elf Conjurer on May 29, 2022.
             Killed from afar by an oklob sapling (25 damage)
             ... with a splash of acid
             ... in the Dungeon (Sprint IV: "Fedhas' Mad Dash").
             The game lasted 00:00:33 (1032 turns).

Zeld the Magician (Deep Elf Conjurer)               Turns: 1032, Time: 00:00:33

Health: -6/19      AC:  3    Str:  4    XL:     3   Next: 94%
Magic:  12/14      EV: 12    Int: 24    God:
Gold:   0          SH:  0    Dex: 13    Spells: 11/17 levels left

rFire   . . .      SeeInvis .   (no weapon)
rCold   . . .      Faith    .   (no shield)
rNeg    . . .      Spirit   .   a - +0 robe
rPois   .          Reflect  .   (no helmet)
rElec   .          Harm     .   h - +0 cloak
rCorr   .          Rampage  .   (no gloves)
Will    .....      NoTele   +   (no boots)
Stlth   ++........              (no amulet)
HPRegen 0.06/turn               (no ring)
MPRegen 0.14/turn               (no ring)

@: no status effects
A: no striking features
a: no special abilities


You were in the Dungeon.
You visited 1 branch

Inventory:

Armour
 a - a +0 robe (worn)
 h - a +0 cloak (worn)
Scrolls
 g - a scroll of blinking
Potions
 b - a potion of curing
 c - a potion of heal wounds
 d - a potion of haste
 e - 2 potions of magic
 f - a potion of berserk rage


   Skills:
 - Level 2.4 Dodging
 - Level 2.4 Stealth
 * Level 7.7 Spellcasting
 * Level 7.4 Conjurations
 + Level 0.0 Hexes


You had 11 spell levels left.
You knew the following spells:

 Your Spells              Type           Power      Damage    Failure   Level
a - Magic Dart            Conj           100%       1d8       1%          1
b - Searing Ray           Conj           90%        2d7       1%          2
z - Dazzling Flash        Conj/Hex       54%        N/A       4%          3

Your spell library contained the following spells:

 Spells                   Type           Power      Damage    Failure   Level
 Fulminant Prism          Conj/Hex       13%        3d9       14%         4
 Iskenderun's Mystic Bla  Conj/Tloc      27%        2d7       14%         4


Dungeon Overview and Level Annotations

Branches:
Dungeon (1/1)

Altars:

Annotations:
D exclusion: oklob sapling


Message History

The searing ray hits the scorpion.
You kill the scorpion!
Your Spellcasting skill gained 3 levels and is now at level 7!
Your Conjurations skill gained 2 levels and is now at level 7!
You have reached level 3!
Your experience leads to an increase in your attributes!
Increase (S)trength, (I)ntelligence, or (D)exterity?
You feel clever. x2
This spell is quite dangerous to cast!
Memorise Dazzling Flash, consuming 3 spell levels and leaving 11?
You start memorising the spell.
You continue memorising. x3
You finish memorising.
Spell assigned to 'c'.
Adjust (i)tems, (s)pells, or (a)bilities?
Huh?
Unknown command.
Adjust (i)tems, (s)pells, or (a)bilities?
Adjust which spell? c - Dazzling Flash Adjust to which letter? z - Dazzling Flash
Okay, then.
You see here a scorpion corpse.
You start resting.
You start resting.
Magic restored.
You start waiting.
Done waiting.
An oklob sapling comes into view.
Marking area around an oklob sapling as unsafe for travelling.
Casting: Searing Ray (safe; 1% risk of failure)
Confirm with . or Enter, or press ? or * to list all spells.
Aiming: Searing Ray (safe; 1% risk of failure)
Press: ? - help, Shift-Dir - straight line, f - oklob sapling
Aim: an oklob sapling (unaware, hasn't noticed you, 100% to hit)
The searing ray hits the oklob sapling but does no damage. (Press . to maintain the ray.)
The oklob sapling spits acid at you. The splash of acid hits you!!
Ouch! That really hurt!
You die...

#################
#<..P#.....#.$$$$
#PP..'...@.'.#
#PPPP#.†...#P#
############


You could see an oklob sapling.

Vanquished Creatures
  A scorpion (D)
  A river rat (D)
  A rat (D)
3 creatures vanquished.

Notes
Turn   | Place    | Note
-------+----------+-------------------------------------------
     0 | D        | Zeld the Deep Elf Conjurer began the quest for the Orb.
     0 | D        | Reached XP level 1. HP: 10/10 MP: 6/6
    11 | D        | Reached skill level 5 in Conjurations
    11 | D        | Reached XP level 2. HP: 9/15 MP: 0/9
   248 | D        | Learned a level 2 spell: Searing Ray
   862 | D        | Noticed a scorpion
   868 | D        | Killed a scorpion
   869 | D        | Reached XP level 3. HP: 19/19 MP: 5/14
   873 | D        | Learned a level 3 spell: Dazzling Flash
  1031 | D        | Noticed an oklob sapling
  1032 | D        | Killed from afar by an oklob sapling

Illustrated notes

Levels and vault maps discovered:
D:        dungeon_sprint_fedhas [sprint_temple]

Skill      XL: |  1  2 |
---------------+-------+-----
Spellcasting   | 4 7 |  7.7
Conjurations   | 5 7 |  7.4
Dodging        | |  2.4
Stealth        | |  2.4

Action                   || total
-------------------------++-------
 Cast: Magic Dart        ||     8
       Searing Ray       ||     2
